 Dungeon Crawl Stone Soup version 0.26.0-10-g1f06aea511 (webtiles) character file.

Game seed: 12019347919225922291

59 inmateoo the Sneak (level 3, 0/29 HPs)
             Began as a Vampire Delver on Feb 3, 2021.
             Slain by a bullfrog (6 damage)
             ... on level 5 of the Dungeon.
             The game lasted 00:01:03 (156 turns).

inmateoo the Sneak (Vampire Delver)                  Turns: 156, Time: 00:01:04

Health: 0/29       AC:  3    Str: 11    XL:     3   Next: 78%
Magic:  3/3        EV: 13    Int: 13    God:
Gold:   36         SH:  0    Dex: 15    Spells: 2/2 levels left

rFire    . . .     SeeInvis +   a - +0 short sword
rCold    . . .     Faith    .   (no shield)
rNeg     . . .     Spirit   .   b - +0 leather armour
rPois    .         Reflect  .   (no helmet)
rElec    .         Harm     .   (no cloak)
rCorr    .         Rampage  .   (no gloves)
Will     .....                  (no boots)
Stlth    ++++......             (no amulet)
HPRegen  0.29/turn              (no ring)
MPRegen  0.08/turn              (no ring)

@: regenerating quickly, hasted, very quick
A: fangs 3, see invisible, unbreathing
a: Exsanguinate


You were on level 5 of the Dungeon.
You visited 1 branch of the dungeon, and saw 4 of its levels.

You collected 36 gold pieces.

Inventory:

Hand Weapons
 a - a +0 short sword (weapon)
Armour
 b - a +0 leather armour (worn)
Wands
 g - a wand of digging (3)
Scrolls
 c - a scroll of fog
 e - a scroll of fear
 h - a scroll of enchant weapon {unknown}


   Skills:
 + Level 3.1 Fighting
 + Level 3.0 Short Blades
 + Level 3.0 Dodging
 + Level 7.8 Stealth


You had 2 spell levels left.
You didn't know any spells.
Your spell library was empty.

Dungeon Overview and Level Annotations

Branches:
Dungeon (6/15)             Temple (0/1) D:6

Altars:
Makhleb


Innate Abilities, Weirdness & Mutations

Your natural rate of healing is unusually fast.
You have razor-sharp teeth.
You have supernaturally acute eyesight. (SInv)
You can survive without breathing.


Message History

The gnoll hits you from afar with a +0 spear!
The hound bites you but does no damage. The hound bites you.
The hound bites you.
Found a stone staircase leading up.
The hound misses you. The hound misses you. The hound bites you.
There is a stone staircase leading up here.
The hound bites you.
You climb upwards.
A bullfrog comes into view.
There is a stone staircase leading down here.
You feel yourself speed up. The hound barely misses you. The hound bites you.
The bullfrog croaks.
The bullfrog hits you!
* * * LOW HITPOINT WARNING * * *
Found 10 gold pieces.
The bullfrog hits you.
You die...

#># #.#
#.##
##..##
#####.#..#
.........#
#####.##h#
## #F# #@#
#.# #.#
#$# #.#
#.# ..#
###


You could see a bullfrog and a hound.

Vanquished Creatures
  A hound (D:6)
  Jessica (D:3)
  A worm (D:4)
3 creatures vanquished.

Notes
Turn   | Place    | Note
-------+----------+-------------------------------------------
     0 | D:5      | inmateoo the Vampire Delver began the quest for the Orb.
     0 | D:5      | Reached XP level 1. HP: 17/17 MP: 1/1
    11 | D:5      | Noticed an ogre
    23 | D:4      | Noticed a worker ant
    67 | D:3      | Noticed Jessica
    70 | D:3      | Found a burning altar of Makhleb.
    78 | D:3      | Killed Jessica
    79 | D:3      | Reached XP level 2. HP: 19/24 MP: 2/2
    79 | D:3      | Reached XP level 3. HP: 23/29 MP: 3/3
   114 | D:4      | You fall into a shaft and drop 2 floors!
   147 | D:5      | Noticed a bullfrog
   156 | D:5      | Slain by a bullfrog

Illustrated notes

Levels and vault maps discovered:
D:3:      layout_loops_corners, tso_metal_star, nicolae_overflow_hidden_temple,
          gammafunk_ghost_arena, uniq_ijyb, uniq_sigmund, uniq_jessica,
          uniq_robin
D:4:      layout_rooms
D:5:      layout_loops_ring, grunt_temple_overflow_cloverleaf, basic_altar,
          minmay_hedge_maze, led_sif_book, uniq_pikel
D:6:      layout_cave_pools, minitemple, minmay_temple_entry_sparse_star,
          portal_sewer_entry_d, serial_gnoll_camp, gnoll_camp_mini_basic,
          gnoll_camp_mini_hut, gnoll_camp_huts_basic, gnoll_camp_mini_basic,
          gnoll_camp_mini_hut, gnoll_camp_mini_basic, ebering_ghost_sewer_d

Skill      XL: |  1  2  3 |
---------------+----------+-----
Fighting       | 3 |  3.1
Short Blades   | 3 |  3.0
Dodging        | 3 |  3.0
Stealth        | |  7.8

Action                   || total
-------------------------++-------
Melee: Short sword       ||    10
       Bite              ||     1
  Use: Scroll            ||     1
       Potion            ||     1
 Stab: Sleeping          ||     2
Armor: Leather armour    ||     2
Dodge: Dodged            ||     6
